Map: Lerilak Crest

Players

Telos - Winner!

  • Race: Protoss Protoss
  • League: Gold

ArTiC

  • Race: Protoss Protoss
  • League: Platinum

VOD

Have the link to the VOD?

Description

Time

  • Played on: Dec. 30, 2015, 6:34 a.m.
  • Length: 15:56
Show
View Real Time Build Order
Export as new Build Order

Telos Protoss - Winner!

Build Orders:  

Get SALT Encoding   

  12  0:01  Probe (Chrono Boost)  
  13  0:14  Pylon  
  13  0:17  Probe (Chrono Boost)  
  14  0:28  Probe (Chrono Boost)  
  15  0:36  Gateway  
  15  0:40  Probe (Chrono Boost)  
  16  0:44  Assimilator  
  16  0:51  Probe (Chrono Boost)  
  17  1:01  Probe (Chrono Boost)  
  18  1:12  Probe (Chrono Boost)  
  18  1:15  Gateway  
  19  1:23  Cybernetics Core  
  19  1:28  Assimilator  
  19  1:29  Probe (Chrono Boost)  
  20  1:38  Pylon  
  20  1:41  Probe (Chrono Boost)  
  21  2:02  Stalker x2  
  25  2:14  Probe (Chrono Boost)  
  26  2:33  Nexus  
  26  2:39  Warp Gate  
  26  2:43  Mothership Core (Chrono Boost)  
  28  2:55  Pylon  
  28  3:05  Robotics Facility  
  28  3:13  Probe (Chrono Boost)  
  29  3:23  Twilight Council  
  29  3:29  Probe (Chrono Boost)  
  30  3:44  Probe (Chrono Boost)  
  30  3:45  Probe (Chrono Boost)  
  32  3:52  Observer  
  32  3:54  Probe (Chrono Boost)  
  35  3:55  Probe (Chrono Boost)  
  35  4:00  Blink  
  35  4:04  Gateway  
  35  4:08  Probe x2 (Chrono Boost)  
  37  4:18  Immortal  
  37  4:21  Probe (Chrono Boost)  
  42  4:24  Probe (Chrono Boost)  
  42  4:30  Pylon  
  43  4:32  Probe (Chrono Boost)  
  43  4:35  Probe (Chrono Boost)  
  45  4:42  Probe (Chrono Boost)  
  47  4:45  Probe (Chrono Boost)  
  47  4:46  Stalker  
  47  4:50  Stalker  
  51  4:57  Probe (Chrono Boost)  
  51  4:58  Probe (Chrono Boost)  
  53  5:00  Stalker  
  55  5:08  Probe x2 (Chrono Boost)  
  57  5:20  Probe (Chrono Boost)  
  58  5:21  Probe (Chrono Boost)  
  58  5:32  Nexus  
  58  5:33  Robotics Bay  
  58  5:37  Forge  
  58  5:44  Pylon  
  58  5:47  Pylon  
  58  5:48  Probe (Chrono Boost)  
  59  5:55  Pylon  
  59  5:59  Probe x2 (Chrono Boost)  
  59  6:00  Pylon, Assimilator  
  61  6:04  Assimilator  
  61  6:10  Stalker  
  61  6:11  Stalker x2  
  67  6:16  Protoss Ground Weapons Level 1  
  67  6:17  Pylon  
  67  6:20  Disruptor  
  70  6:29  Gateway  
  70  6:31  Gateway  
  70  6:36  Gateway  
  70  6:45  Probe x3 (Chrono Boost)  
  73  6:55  Probe (Chrono Boost)  
  73  6:56  Disruptor (Chrono Boost)  
  77  7:03  Photon Cannon  
  77  7:08  Probe (Chrono Boost)  
  77  7:09  Probe x2 (Chrono Boost)  
  80  7:19  Robotics Facility  
  80  7:21  Probe x2  
  81  7:22  Probe  
  81  7:29  Forge  
  83  7:32  Probe x2  
  83  7:35  Stalker x3  
  91  7:39  Photon Cannon  
  91  7:41  Assimilator  
  91  7:45  Assimilator  
  91  7:51  Photon Cannon  
  91  7:52  Pylon  
  91  7:53  Gateway  
  91  7:56  Gateway  
  91  8:00  Gateway  
  91  8:03  Protoss Ground Armor Level 1 (Chrono Boost)  
  91  8:08  Immortal (Chrono Boost)  
  91  8:11  Protoss Ground Weapons Level 2 (Chrono Boost)  
  90  8:29  Stalker x2  
  90  8:30  Stalker x3  
  100  8:38  Probe x2  
  100  8:39  Pylon  
  100  8:40  Probe  
  103  8:50  Probe  
  103  8:51  Immortal  
  95  9:14  Immortal  
  99  9:20  Stalker  
  99  9:21  Stalker x2  
  105  9:28  Templar Archives  
  105  9:30  Immortal  
  109  9:53  Immortal  
  113  10:01  Nexus  
  113  10:02  Probe  
  113  10:03  Probe x2  
  113  10:06  Pylon  
  116  10:09  Disruptor  
  116  10:11  Pylon  
  116  10:12  High Templar x4  
  116  10:13  High Templar x3  
  133  10:16  Archon  
  133  10:17  Archon x2  
  133  10:23  Probe  
  133  10:24  Probe x2  
  133  10:27  Assimilator  
  136  10:31  Assimilator  
  136  10:32  Disruptor  
  136  10:33  Probe, Pylon  
  136  10:34  Pylon  
  140  10:36  Protoss Ground Weapons Level 3 (Chrono Boost), Probe  
  140  10:37  Pylon  
  120  10:57  Stalker x3  
  120  10:58  Stalker x4  
  111  11:43  Disruptor x2  
  117  11:53  High Templar x5  
  127  11:57  Archon x2  
  127  12:05  Probe, Gateway  
  127  12:06  Gateway x2, Probe  
  127  12:08  Gateway  
  129  12:11  Gateway  
  129  12:12  Gateway x2  
  127  12:17  Gateway  
  127  12:19  Observer x2, Photon Cannon  
  127  12:22  Photon Cannon  
  127  12:28  Photon Cannon  
  127  12:31  Photon Cannon  
  123  12:39  Observer Gravitic Boosters  
  118  12:46  Photon Cannon  
  113  12:54  Probe x2  
  113  12:55  Probe x2  
  116  13:04  Probe  
  116  13:07  Probe  
  116  13:08  Probe x2  
  119  13:15  Probe, Pylon  
  120  13:20  Probe  
  120  13:25  Pylon  
  120  13:26  Pylon  
  120  13:30  Stalker x2  
  120  13:31  Stalker x6  
  120  13:32  Stalker  
  138  13:42  Protoss Ground Armor Level 2 (Chrono Boost)  
  138  13:52  Nexus  
  138  13:53  Probe, Pylon  
  129  14:32  High Templar x3  
  129  14:33  High Templar x6  
  129  14:36  Archon  
  129  14:37  Archon x3  
  147  14:39  Warp Prism x2 (Chrono Boost), Archon  
  151  14:55  Photon Cannon  
  151  14:57  Photon Cannon  
  151  14:58  Probe  
  151  14:59  Probe, Pylon  
  153  15:00  Photon Cannon  
  153  15:05  Nexus  
  153  15:06  Pylon  
  153  15:11  Pylon  
  153  15:12  Pylon  
  153  15:18  Probe x2  
  155  15:22  Pylon  
Show
View Real Time Build Order
Export as new Build Order

ArTiC Protoss 

Build Orders:  

Get SALT Encoding   

  12  0:01  Probe (Chrono Boost)  
  13  0:11  Probe (Chrono Boost)  
  14  0:18  Pylon  
  14  0:22  Probe (Chrono Boost)  
  15  0:36  Probe (Chrono Boost)  
  15  0:37  Gateway  
  16  0:45  Assimilator  
  16  0:47  Probe (Chrono Boost)  
  17  0:53  Assimilator  
  17  0:57  Probe (Chrono Boost)  
  18  1:08  Probe (Chrono Boost)  
  18  1:09  Pylon  
  19  1:18  Probe (Chrono Boost)  
  20  1:25  Cybernetics Core  
  20  1:29  Probe (Chrono Boost)  
  22  1:40  Probe (Chrono Boost)  
  22  1:46  Gateway  
  23  2:03  Mothership Core (Chrono Boost)  
  23  2:04  Warp Gate (Chrono Boost)  
  23  2:05  Stalker (Chrono Boost)  
  26  2:22  Probe  
  27  2:24  Pylon  
  27  2:34  Probe  
  27  2:36  Stalker (Chrono Boost)  
  31  2:38  Stalker (Chrono Boost)  
  31  2:57  Pylon  
  31  3:14  Nexus  
  31  3:27  Stalker, Robotics Facility  
  33  3:39  Pylon  
  34  3:41  Probe  
  34  3:51  Pylon  
  34  3:53  Probe  
  35  4:05  Gateway, Probe  
  36  4:17  Immortal (Chrono Boost), Probe  
  41  4:25  Probe  
  42  4:32  Probe  
  42  4:35  Probe  
  44  4:40  Adept x2  
  44  4:45  Probe  
  49  4:52  Observer (Chrono Boost)  
  50  4:57  Probe x2, Twilight Council  
  52  5:08  Probe  
  52  5:09  Probe  
  54  5:24  Probe  
  54  5:25  Probe, Gateway  
  54  5:27  Robotics Bay  
  56  5:28  Assimilator  
  56  5:34  Observer (Chrono Boost)  
  57  5:36  Probe x2  
  59  5:43  Forge  
  59  5:47  Probe, Blink (Chrono Boost)  
  59  5:48  Probe  
  61  5:57  Probe  
  61  6:00  Probe  
  61  6:02  Assimilator  
  61  6:03  Pylon  
  63  6:07  Pylon  
  63  6:08  Probe  
  64  6:12  Probe  
  64  6:13  Protoss Ground Weapons Level 1 (Chrono Boost)  
  64  6:15  Disruptor (Chrono Boost)  
  68  6:20  Probe  
  68  6:24  Probe  
  70  6:32  Probe  
  71  6:34  Gateway  
  71  6:36  Probe  
  72  6:51  Nexus  
  72  6:55  Stalker x2  
  76  7:05  Probe  
  77  7:08  Warp Prism (Chrono Boost)  
  77  7:09  Probe  
  77  7:10  Forge  
  80  7:18  Probe  
  81  7:29  Templar Archives  
  81  7:32  Pylon  
  81  7:35  Probe  
  81  7:36  Adept x2  
  86  7:41  Disruptor (Chrono Boost)  
  89  7:49  Stalker x2  
  89  7:50  Probe  
  94  7:55  Protoss Ground Armor Level 1 (Chrono Boost)  
  94  7:56  Protoss Shields Level 1 (Chrono Boost)  
  94  7:59  Pylon  
  94  8:00  Probe  
  94  8:04  Gateway  
  95  8:18  Disruptor (Chrono Boost)  
  98  8:24  Probe  
  99  8:27  High Templar x2  
  99  8:29  Robotics Facility  
  99  8:33  Gateway  
  103  8:39  Photon Cannon  
  103  8:40  Pylon  
  103  8:41  Photon Cannon, Assimilator  
  103  8:43  Resonating Glaives (Chrono Boost)  
  103  8:48  Assimilator  
  103  8:50  Gateway  
  103  8:53  Observer  
  104  9:09  Probe  
  97  9:12  Archon  
  97  9:14  Pylon  
  97  9:15  Pylon  
  97  9:17  Pylon  
  97  9:19  Pylon  
  97  9:21  Gateway  
  97  9:22  Gateway  
  97  9:25  Gateway  
  97  9:27  Disruptor (Chrono Boost)  
  97  9:28  Protoss Ground Weapons Level 2 (Chrono Boost)  
  100  9:35  Probe  
  100  9:36  Probe, Dark Shrine  
  102  9:40  Probe  
  103  9:47  Immortal (Chrono Boost)  
  103  9:48  Probe  
  108  9:55  Probe  
  108  9:56  Pylon  
  109  10:00  Probe  
  109  10:01  Stalker  
  109  10:03  Photon Cannon  
  112  10:09  High Templar x3  
  118  10:14  Probe  
  118  10:16  Zealot x3  
  118  10:20  Probe  
  126  10:33  Probe, Stargate, Archon  
  126  10:35  Stargate  
  125  10:53  Stalker x5  
  125  10:54  Stalker  
  137  10:58  Zealot  
  137  11:08  High Templar x2  
  137  11:16  Archon  
  133  11:29  Adept x2  
  133  11:30  Adept x5  
  133  11:31  Adept x2  
  133  11:41  High Templar x2  
  137  11:48  Void Ray (Chrono Boost)  
  137  11:51  Dark Templar  
  142  11:59  Probe  
  143  12:12  Dark Templar  
  145  12:19  Nexus  
  145  12:21  Void Ray (Chrono Boost)  
  148  12:41  High Templar x3  
  148  12:43  Archon  
  154  12:48  Assimilator  
  154  12:53  Assimilator  
  154  12:56  High Templar  
  154  13:09  Pylon  
  154  13:10  Protoss Ground Armor Level 2 (Chrono Boost)  
  154  13:11  Pylon  
  154  13:12  Archon  
  154  13:13  Pylon  
  154  13:14  Archon  
  154  13:17  Pylon  
  154  13:18  Protoss Ground Weapons Level 3 (Chrono Boost)  
  154  13:19  Pylon  
  154  13:21  Void Ray  
  154  13:22  Pylon  
  154  13:24  Void Ray  
  156  13:32  Photon Cannon  
  160  13:47  Fleet Beacon  
  160  13:48  Probe  
  143  14:23  Void Ray  
  106  14:28  Void Ray  
  114  14:35  Probe, Nexus  
  115  14:47  Stargate  
  121  15:07  Nexus  
  121  15:10  Assimilator  
  121  15:13  High Templar x2  
  125  15:15  Assimilator  
  125  15:25  Archon  
  102  15:42  Stalker x2  
  74  15:43  Zealot x2  
Tags
 
Add a new tag
Caveats
  • Supply blocks, unpowered buildings, or Contaminate may cause inaccurate times.
  • Supply counts are checked every 10 seconds.